AoeStats
← Ux' El Nexu

Nomad

508762139Analyzed
4v4 RM · 10d ago on Sep 23, 2026· 51m 12s· 8 players
Game mode
Random Map
Map size
231×231
Population
200
Speed
Normal
Resources
Standard
Victory
Conquest
Starting age
Dark Age
Ending age
Imperial Age
RankedLock teamsTeams togetherTeam positionsShared explorationLock speedFull tech treeHidden civsTurbo modeCheats
Victory
Defeat
🇦🇷 Muisca · Argentina
1514
+8
🇦🇷 Burgundians · Argentina
1430
+11
🇦🇷 Goths · Argentina
1399
+12
🇦🇷 Malians · Argentina
1373
+13
🇨🇴 Vietnamese · Colombia
1386
-14
🇯🇵 Cumans · Japan
1329
-11
🇨🇦 Ethiopians · Canada
1302
-10
🇳🇴 Dravidians · Norway
1274
-9
dedw1ng
5:10 Loom
14:41 Feudal Age
19:56 Castle Age
18:24 Double-Bit Axe
20:28 Gold Mining
20:31 Fletching
20:57 Horse Collar
22:20 Bow Saw
27:49 Heavy Plow
27:17 Crossbowman
27:55 Bodkin Arrow
29:08 Wheelbarrow
30:18 Gold Shaft Mining
31:11 Thumb Ring
32:02 Hand Cart
32:18 Padded Archer Armor
32:51 Ballistics
37:15 Imperial Age
36:16 Leather Archer Armor
39:06 Arbalester
40:53 Chemistry
39:54 Bracer
42:24 Conscription
44:58 Ring Archer Armor
49:30 Halberdier
50:46 Scale Mail Armor
50:58 Forging
平原君
4:35 Loom
13:02 Feudal Age
17:52 Wheelbarrow
24:03 Town Watch
30:05 Castle Age
28:18 Double-Bit Axe
30:24 Gold Mining
30:15 Horse Collar
32:19 Fishing Lines
35:07 Bow Saw
38:14 Capped Ram
39:45 Heavy Plow
43:50 Imperial Age
42:01 Fletching
43:40 Bodkin Arrow
44:57 Hand Cart
44:47 Cuman Mercenaries
45:08 Conscription
48:19 Parthian Tactics
49:54 Ballistics
49:18 Light Cavalry
50:09 Bloodlines
50:07 Hussar
Dagis
5:45 Loom
13:55 Feudal Age
17:41 Castle Age
15:33 Double-Bit Axe
17:29 Fletching
18:17 Padded Archer Armor
18:20 Bodkin Arrow
18:54 Medium Warships
22:41 Leather Archer Armor
24:11 Wheelbarrow
26:29 Ballistics
26:45 Fishing Lines
28:31 Pikeman
29:12 Squires
30:35 Gillnets
34:57 Imperial Age
35:07 Man-at-Arms
35:32 Gambesons
35:13 Siege Elephant
35:43 Halberdier
36:04 Long Swordsman
36:53 Bracer
37:01 Two-Handed Swordsman
39:35 Conscription
41:02 Scale Mail Armor
43:25 Chain Mail Armor
43:21 Forging
43:05 Elite Elephant Archer
45:45 Ring Archer Armor
46:18 Chemistry
46:49 Hand Cart
47:16 Thumb Ring
Ux' El Nexu
13:57 Feudal Age
17:36 Castle Age
15:26 Horse Collar
15:50 Double-Bit Axe
16:23 Fishing Lines
19:03 Bow Saw
18:54 Heavy Plow
19:43 Wheelbarrow
21:18 Heavy Plow
21:18 Loom
24:24 Town Watch
24:32 Town Watch
26:21 Gold Mining
32:30 Imperial Age
30:13 Bloodlines
30:55 Chatras
31:11 Husbandry
31:18 Scale Barding Armor
32:36 Chain Barding Armor
32:33 Forging
32:42 Hand Cart
32:56 Elite Battle Elephant
34:39 Plate Barding Armor
35:10 Iron Casting
35:13 Paper Money
36:58 Crop Rotation
38:08 Hoardings
38:05 Fletching
38:15 Padded Archer Armor
39:07 Bodkin Arrow
41:02 Bracer
41:19 Leather Archer Armor
43:05 Ring Archer Armor
42:33 Light Cavalry
43:51 Thumb Ring
43:07 Crossbowman
43:08 Elite Skirmisher
44:29 Imperial Skirmisher
47:38 Chemistry
46:59 Ballistics
46:20 Treadmill Crane
50:24 Murder Holes
50:40 Masonry
CORP_PysKo InKa-RreaBle
3:10 Loom
13:03 Feudal Age
13:43 Double-Bit Axe
21:20 Castle Age
20:53 Gold Mining
22:28 Wheelbarrow
23:36 Town Watch
26:05 Stone Mining
26:50 Gold Shaft Mining
26:26 Scale Barding Armor
26:31 Forging
27:38 Chain Barding Armor
27:56 Bloodlines
28:15 Husbandry
29:24 Horse Collar
29:59 Bow Saw
30:28 Iron Casting
35:23 Imperial Age
33:19 Heavy Plow
34:19 Fletching
35:50 Bodkin Arrow
35:56 Padded Archer Armor
36:35 Heavy Camel Rider
37:41 Conscription
38:03 Scale Mail Armor
38:19 Leather Archer Armor
38:11 Cavalier
41:15 Farimba
43:07 Plate Barding Armor
46:11 Crop Rotation
Leveroy
5:22 Loom
13:46 Feudal Age
19:33 Castle Age
18:39 Double-Bit Axe
19:47 Bow Saw
26:01 Town Watch
26:44 Horse Collar
29:49 Wheelbarrow
29:09 Gold Mining
30:40 Scale Barding Armor
32:16 Gold Shaft Mining
31:31 Stone Mining
31:42 Heavy Plow
38:37 Imperial Age
38:56 Forging
39:06 Chain Barding Armor
39:03 Hand Cart
39:22 Crop Rotation
39:21 Burgundian Vineyards
40:54 Chemistry
39:52 Cavalier
40:33 Husbandry
41:09 Iron Casting
41:30 Plate Barding Armor
43:07 Two-Man Saw
42:43 Stone Shaft Mining
42:11 Town Patrol
44:20 Blast Furnace
45:20 Fletching
45:31 Padded Archer Armor
46:04 Paladin
47:26 Conscription
AxD | Keiokenkun-Uno-Puro
9:01 Loom
14:20 Feudal Age
18:35 Castle Age
19:12 Fishing Lines
19:34 Double-Bit Axe
19:31 Horse Collar
20:07 Town Watch
20:58 Wheelbarrow
22:21 Bow Saw
22:30 Gold Mining
22:59 Gillnets
25:20 Fletching
26:06 Horse Collar
27:40 Padded Archer Armor
27:39 Bodkin Arrow
29:51 Ballistics
29:48 Leather Archer Armor
32:19 Imperial Age
31:41 Hand Cart
31:33 Herbalism
31:50 Leather Archer Armor
31:48 Masonry
31:34 Murder Holes
31:58 Heavy Plow
31:50 Stone Mining
32:36 Gold Shaft Mining
32:24 Medium Warships
34:46 Two-Man Saw
34:17 Crop Rotation
33:21 Elite Guecha Warrior
34:45 Conscription
34:27 Bracer
35:29 Chemistry
36:38 Scale Mail Armor
36:48 Forging
38:55 Pikeman
39:36 Squires
39:53 Chain Mail Armor
40:15 Iron Casting
39:34 Elite Temple Guard
44:11 Plate Mail Armor
CORP_Solano
5:18 Loom
12:27 Feudal Age
13:05 Double-Bit Axe
15:21 Fletching
20:02 Castle Age
22:10 Bow Saw
23:24 Wheelbarrow
22:36 Horse Collar
27:15 Heavy Plow
30:13 Scale Mail Armor
30:23 Forging
33:11 Imperial Age
30:55 Anarchy
31:14 Chain Mail Armor
32:21 Iron Casting
34:38 Town Watch
36:40 Blast Furnace
36:39 Squires
36:10 Pikeman
38:16 Bodkin Arrow
39:20 Conscription
43:39 Halberdier
Connection lost

Rejoining the realm…

Still unreachable

The connection could not be restored.

Session expired

The server has moved on; the page needs a fresh start.